 Dungeon Crawl Stone Soup version 0.27-a0-1230-gfc7c993222 (webtiles) character file.

Game seed: 13125156955664109857

37 DasRunzen the Slasher (level 3, -6/29 HPs)
             Began as a Demigod Gladiator on May 31, 2021.
             Mangled by a gnoll
             ... wielding a +0 flail
              (10 damage)
             ... on level 3 of the Dungeon on June 8, 2021.
             The game lasted 00:03:55 (2153 turns).

DasRunzen the Slasher (Demigod Gladiator)           Turns: 2153, Time: 00:03:55

Health: -6/29      AC:  5    Str: 15    XL:     3   Next: 8%
Magic:  6/6        EV: 12    Int: 14    God:
Gold:   129        SH:  0    Dex: 15    Spells: 3/3 levels left

rFire    . . .     SeeInvis .   a - +0 long sword
rCold    . . .     Faith    .   (no shield)
rNeg     . . .     Spirit   .   b - +0 leather armour
rPois    .         Reflect  .   c - +1 helmet
rElec    .         Harm     .   (no cloak)
rCorr    .         Rampage  .   (no gloves)
Will     .....                  (no boots)
Stlth    +.........             (no amulet)
HPRegen  0.09/turn              (no ring)
MPRegen  0.10/turn              (no ring)

@: no status effects
A: high mp 1, forlorn
a: no special abilities


You were on level 3 of the Dungeon.
You visited 1 branch of the dungeon, and saw 3 of its levels.

You collected 129 gold pieces.

Inventory:

Hand Weapons
 a - a +0 long sword (weapon)
Missiles
 d - 3 throwing nets (quivered)
Armour
 b - a +0 leather armour (worn)
 c - a +1 helmet (worn)
Jewellery
 h - a ring of fire
 l - a ring of fire
Scrolls
 j - 3 scrolls of teleportation
Potions
 e - a potion of flight {unknown}
 f - a potion of mutation {unknown}
 g - 2 potions of curing {unknown}
 i - a potion of haste {unknown}
 k - a potion of heal wounds {unknown}


   Skills:
 + Level 2.1 Fighting
 + Level 3.0 Long Blades
 - Level 1.7 Throwing
 + Level 1.0 Armour
 + Level 3.0 Dodging
 + Level 0.8 Spellcasting


You had 3 spell levels left.
You didn't know any spells.
Your spell library was empty.

Dungeon Overview and Level Annotations

Branches:
Dungeon (3/15)


Innate Abilities, Weirdness & Mutations

Your attributes grow dramatically as you level up.
You have an increased reservoir of magic. (+10% MP)
You shall have no god before yourself.


Message History

You climb downwards.
A goblin comes into view. It is wielding a +0 dagger.
The goblin shouts!
You hear a shout!
There is a stone staircase leading up here.
You closely miss the goblin. The goblin hits you but does no damage.
You miss the goblin. The goblin hits you but does no damage.
You completely miss the goblin. The goblin hits you but does no damage.
You closely miss the goblin. The goblin hits you with a +0 dagger.
You barely miss the goblin. The goblin completely misses you.
The goblin barely misses you.
You barely miss the goblin. The goblin hits you with a +0 dagger.
You closely miss the goblin. The goblin barely misses you.
You slash the goblin!
You kill the goblin!
No target in view!
A gnoll comes into view. It is wielding a +0 whip.
A gnoll comes into view. It is wielding a +0 halberd.
The gnoll shouts!
You hear a shout! x2
A gnoll comes into view. It is wielding a +0 whip.
A gnoll comes into view. It is wielding a +0 flail.
Things that are here:
a +0 dagger; a goblin corpse A hobgoblin comes into view.
The gnoll shouts!
You hear a shout!
There are monsters nearby!
Things that are here:
a +0 dagger; a goblin corpse The gnoll hits you with a +0 flail.
You closely miss the gnoll. The gnoll closely misses you.
You riposte.
You barely miss the gnoll.
An endoplasm comes into view.
You slash the gnoll!
The gnoll is severely wounded.
The gnoll hits you with a +0 flail! x2
* * * LOW HITPOINT WARNING * * *
Things that are here:
a +0 dagger; a goblin corpse
There is a stone staircase leading up here.
The gnoll hits you with a +0 flail!
You die...

# #.########.#
#.......@..#..#
.####.g......#
#g###.#.#.# #.#
## .. #.# # #.#
#g# #g# #J#


You could see 2 gnolls.

Vanquished Creatures
  An adder (D:2)
  A worm (D:2)
  2 dart slugs
  2 giant cockroaches
  A goblin (D:3)
  3 hobgoblins
  2 quokkas
  4 ball pythons
  2 bats
  A frilled lizard (D:1)
  2 kobolds
  2 rats (D:1)
23 creatures vanquished.

Notes
Turn   | Place    | Note
-------+----------+-------------------------------------------
     0 | D:1      | DasRunzen the Demigod Gladiator began the quest for the
                  | Orb.
     0 | D:1      | Reached XP level 1. HP: 17/17 MP: 3/3
   718 | D:1      | Reached XP level 2. HP: 24/24 MP: 4/4
  1632 | D:2      | Reached skill level 1 in Armour
  1720 | D:2      | Reached XP level 3. HP: 6/29 MP: 6/6
  1981 | D:2      | Upgraded the game from 0.27-a0-1200-g94dc6ad4cf to
                  | 0.27-a0-1230-gfc7c993222
  2153 | D:3      | Mangled by a gnoll

Illustrated notes

Levels and vault maps discovered:
D:1:      dpeg_arrival_pond, layout_basic
D:2:      layout_loops_cross, hellmonk_ecumenical_altar_heavens_door,
          basic_altar
D:3:      layout_loops_ring, trog_wizard,
          grunt_temple_overflow_order_and_chaos_2, uniq_terence, uniq_sigmund,
          uniq_grinder, uniq_robin

Skill      XL: |  1  2 |
---------------+-------+-----
Fighting       | 2 |  2.1
Armour         | 1 |  1.0
Long Blades    | 3 |  3.0
Dodging        | 3 |  3.0
Throwing       | |  1.7
Spellcasting   | |  0.8

Action                   || total
-------------------------++-------
Melee: Long sword        ||    77
  Use: Scroll            ||     2
 Stab: Sleeping          ||     2
Armor: Leather armour    ||    24
Dodge: Dodged            ||    51
       Rpst.: Long sword ||    14

Table legend: (Time is in decaauts)
 A = Elapsed time spent in this place.
 B = Non-inter-level travel time spent in this place.
 C = Inter-level travel time spent in this place.
 D = Time resting spent in this place.
 E = Time spent auto-exploring this place.
 F = Levels seen in this place.
 G = Mean time per level.
                   A        B        C        D        E       F      G
               +--------+--------+--------+--------+--------+-----+--------+
         Total |   2172 |   2109 |     63 |    249 |   1662 |   3 |  724.0 |
       Dungeon |   2172 |   2109 |     63 |    249 |   1662 |   3 |  724.0 |
               +--------+--------+--------+--------+--------+-----+--------+

Top non-repeatable levels by time:
     D:2: 1082 daAuts
     D:1: 1052 daAuts
     D:3: 38 daAuts
